 Dungeon Crawl Stone Soup version 0.31.0-1-g2c135a0 (webtiles) character file.

Game seed: 7036954889783355321

54 subcouture the Trooper (level 3, -4/39 HPs)
             Began as an Oni Gladiator on Apr 10, 2024.
             Slain by a kobold brigand
             ... wielding a +0 short sword
              (8 damage)
             ... in a sewer.
             The game lasted 00:02:45 (1151 turns).

subcouture the Trooper (Oni Gladiator)              Turns: 1151, Time: 00:02:45

Health: -4/39      AC:  3    Str: 18    XL:     3   Next: 91%
Magic:  3/3        EV: 10    Int:  9    God:
Gold:   26         SH:  0    Dex: 12    Spells: 2/2 levels left

rFire   . . .        m - +1 mace (holy)
rCold   + . .        (no shield)
rNeg    . . .        b - +0 robe
rPois   .            c - +0 hat
rElec   .            (no cloak)
rCorr   .            (gloves unavailable)
SInv    .            (boots unavailable)
Will    .....        (no amulet)
Stlth   +            e - ring of protection from cold
HPRegen 0.26/turn    (no ring)
MPRegen 0.08/turn

%: no passive effects
@: no status effects
A: large, unfitting armour, horns 1, tough skin 1, double potion healing,
drunken brawling
a: no special abilities


You were in a sewer.
You visited 1 branch of the dungeon, and saw 3 of its levels.
You also visited: Sewer.

You collected 26 gold pieces.

Inventory:

Hand Weapons
 m - a +1 mace of holy wrath (weapon)
Missiles
 d - 3 throwing nets
 h - 4 poisoned darts (quivered)
Armour
 b - a +0 robe (worn)
 c - a +0 hat (worn)
Jewellery
 e - a ring of protection from cold (left hand)
 k - a ring of ice
 q - a ring of flight
Scrolls
 a - a scroll of enchant weapon {unknown}
 g - a scroll of fear {unknown}
 i - a scroll of torment {unknown}
 j - 2 scrolls of immolation {unknown}
 n - a scroll of revelation {unknown}
 r - a scroll of enchant armour {unknown}
 s - a scroll of blinking {unknown}
Potions
 f - 2 potions of curing {unknown}
 l - a potion of heal wounds {unknown}
 o - a potion of mutation {unknown}
 p - a potion of brilliance {unknown}


   Skills:
 * Level 3.9 Fighting
 * Level 3.8 Maces & Flails
 + Level 2.5 Throwing
 - Level 2.6 Dodging


You had 2 spell levels left.
You didn't know any spells.
Your spell library was empty.

Dungeon Overview and Level Annotations

Branches:
Dungeon (3/15)              Sewer (1/1)

Altars:

Annotations:
D:2 Sigmund
D:3 Grinder


Innate Abilities, Weirdness & Mutations

You are too large for most types of armour.
You have a pair of small horns on your head.
You have tough skin. (AC +1)
You gain doubled healing and magic from potions.
Whenever you drink a healing potion, you attack all around you.


Message History

You hit the kobold brigand.
The kobold brigand is moderately wounded.
The kobold brigand hits you with a +0 short sword.
You hit the kobold brigand.
The kobold brigand is heavily wounded.
The kobold brigand splashes around in the water.
You hit the kobold brigand.
The kobold brigand is severely wounded.
The kobold brigand splashes around in the water.
The kobold brigand hits you but does no damage.
You miss the kobold brigand.
You headbutt the kobold brigand, but do no damage.
The kobold brigand is severely wounded.
The kobold brigand hits you with a +0 short sword.
You hit the kobold brigand.
The kobold brigand is severely wounded.
The kobold brigand splashes around in the water.
You barely miss the kobold brigand.
Your headbutt misses the kobold brigand.
The kobold brigand is severely wounded.
The kobold brigand splashes around in the water.
You hit the kobold brigand.
The kobold brigand is severely wounded.
The kobold brigand hits you with a +0 short sword.
You barely miss the kobold brigand. You headbutt the kobold brigand.
The kobold brigand is almost dead.
The kobold brigand hits you with a +0 short sword. x2
* * * LOW HITPOINT WARNING * * *
You completely miss the kobold brigand.
The kobold brigand is severely wounded.
The kobold brigand closely misses you.
You closely miss the kobold brigand.
Your headbutt misses the kobold brigand.
The kobold brigand is severely wounded.
The kobold brigand hits you with a +0 short sword.
* * * LOW HITPOINT WARNING * * *
You hit the kobold brigand.
The kobold brigand is almost dead.
The kobold brigand hits you with a +0 short sword!
You die...

##### ##.~.##
...#####.....####
..?~...@K....~~~~
~?.#####.~~.~####
##..~## ##~## #~#
#~# ##### ##~##
##~..## ##.~~##
#....~####.~~..#####


You could see a kobold brigand.

Vanquished Creatures
  An adder (D:2)
  A river rat (Sewer)
  A dart slug (D:2)
  A ribbon worm (Sewer)
  3 ball pythons
  3 endoplasms
  5 giant cockroaches
  4 goblins
  A hobgoblin (D:2)
  A quokka (D:1)
  2 bats (D:1)
  2 frilled lizards
  8 rats
33 creatures vanquished.

Notes
Turn   | Place    | Note
-------+----------+-------------------------------------------
     0 | D:1      | subcouture the Oni Gladiator began the quest for the Orb.
     0 | D:1      | Reached XP level 1. HP: 22/22 MP: 1/1
   164 | D:1      | Reached XP level 2. HP: 31/31 MP: 2/2
   676 | D:2      | Reached XP level 3. HP: 14/37 MP: 3/3
   827 | D:2      | Noticed Sigmund
   978 | D:3      | Noticed Grinder
   980 | D:3      | Paralysed by Grinder for 2 turns
  1020 | D:3      | Paralysed by Grinder for 4 turns
  1043 | D:3      | Found a glowing drain.
  1051 | Sewer    | Entered a sewer
  1130 | Sewer    | Noticed a kobold brigand
  1151 | Sewer    | Slain by a kobold brigand

Illustrated notes

Levels and vault maps discovered:
D:1:      giann_bridges, layout_basic, kennysheep_decorative_pillar
D:2:      layout_loops_ring, kennysheep_flooded_box, hex_medium,
          minmay_crystal_room, minmay_misc_feat_rows,
          kennysheep_generic_room_10, uniq_sigmund, uniq_crazy_yiuf_cottage,
          uniq_robin
D:3:      kennysheep_goblin_castle, layout_loops_corners,
          nicolae_ashenzari_panopticon, mainiacjoe_overflow_swirl,
          gup_sewer_entry_bubbles, uniq_grinder, uniq_terence
Sewer:    sewer_co_15_rooms

Skill      XL: |  1 |
---------------+----+-----
Fighting       | 3 |  3.9
Maces & Flails | |  3.8
Throwing       | |  2.5
Dodging        | |  2.6

Action                     || total
---------------------------++-------
  Melee: Flail             ||    18
         Headbutt          ||    13
         Mace              ||    64
         Punch             ||     1
  Throw: Large rock        ||     5
 Armour: Robe              ||    37
  Dodge: Dodged            ||    29
